 Dungeon Crawl Stone Soup version 0.31.0-12-g77e489cdc1 (webtiles) character file.

Game seed: 2861572212192540251

27 PriceMaster the Grave Robber (level 2, -3/21 HPs)
             Began as a Demonspawn Necromancer on Mar 1, 2024.
             Slain by a hobgoblin
             ... wielding a +0 hand axe
              (10 damage)
             ... on level 2 of the Dungeon.
             The game lasted 00:01:46 (1511 turns).

PriceMaster the Grave Robber (DsNe)                 Turns: 1511, Time: 00:01:48

Health: -3/21      AC:  2    Str:  8    XL:     2   Next: 93%
Magic:  4/5        EV: 12    Int: 15    God:
Gold:   46         SH:  0    Dex: 15    Spells: 4/5 levels left

rFire   . . .        c - +0 spear
rCold   . . .        (no shield)
rNeg    . . .        a - +0 robe
rPois   .            f - +0 hat
rElec   .            (no cloak)
rCorr   +            (no gloves)
SInv    .            (no boots)
Will    .....        (no amulet)
Stlth   +++          j - ring of resist corrosion
HPRegen 0.23/turn    (no ring)
MPRegen 0.09/turn

%: no passive effects
@: very slightly contaminated
A: thin skeletal structure 1
a: no special abilities


You were on level 2 of the Dungeon.
You visited 1 branch of the dungeon, and saw 2 of its levels.

You collected 46 gold pieces.

Inventory:

Hand Weapons
 c - a +0 spear (weapon)
Armour
 a - a +0 robe (worn)
 f - a +0 hat (worn)
Jewellery
 j - a ring of resist corrosion (left hand)
Scrolls
 h - 2 scrolls of identify
Potions
 d - a potion of haste {unknown}
 e - a potion of heal wounds {unknown}
 i - a potion of degeneration {unknown}
 l - a potion of mutation {unknown}


   Skills:
 * Level 1.0 Fighting
 + Level 0.3 Polearms
 + Level 2.0 Dodging
 + Level 1.9 Stealth
 + Level 0.1 Unarmed Combat
 + Level 2.1 Spellcasting
 + Level 4.8 Necromancy


You had 4 spell levels left.
You knew the following spells:

 Your Spells              Type           Power      Damage    Failure   Level
a - Necrotise             Necr           64%        1d7       3%          1

Your spell library contained the following spells:

 Spells                   Type           Power      Damage    Failure   Level
 Vampiric Draining        Necr           16%        2d7       9%          3
 Cigotuvi's Dreadful Rot  Necr/Alch/Air  12%        N/A       17%         2
 Animate Dead             Necr           16%        N/A       30%         4
 Dispel Undead            Necr           16%        3d10      30%         4
 Dazzling Flash           Conj/Hex       2%         N/A       54%         3
 Mephitic Cloud           Conj/Alch/Air  1%         N/A       54%         3
 Martyr's Knell           Necr/Summ      8%         N/A       63%         4
 Curse of Agony           Necr           16%        N/A       63%         5
 Silence                  Hex/Air        0%         N/A       99%         5
 Death Channel            Necr           8%         N/A       99%         6


Dungeon Overview and Level Annotations

Branches:
Dungeon (2/15)

Altars:


Innate Abilities, Weirdness & Mutations

You have a somewhat thin skeletal structure. (Dex +2, Stealth+)


Message History

A hobgoblin is nearby!
The hobgoblin shouts!
The hobgoblin writhes in agony.
You hear a shout!
The hobgoblin writhes in agony.
A hobgoblin is nearby!
You barely miss the hobgoblin.
The hobgoblin is almost dead.
The hobgoblin hits you with a +0 hand axe.
You closely miss the hobgoblin.
The hobgoblin is almost dead.
The hobgoblin hits you with a +0 hand axe.
You hit the hobgoblin but do no damage.
The hobgoblin is almost dead.
A kobold comes into view. It is wielding a +0 dagger.
The hobgoblin barely misses you.
You hit the hobgoblin but do no damage.
The hobgoblin is almost dead.
The hobgoblin barely misses you.
The hobgoblin barely resists.
The hobgoblin barely misses you.
The hobgoblin barely resists.
The hobgoblin hits you with a +0 hand axe.
The hobgoblin barely resists.
The hobgoblin hits you with a +0 hand axe.
* * * LOW HITPOINT WARNING * * *
You are too injured to fight recklessly!
You are too injured to fight recklessly!
You are too injured to fight recklessly!
Magic courses through your body. The hobgoblin closely misses you.
You are too injured to fight recklessly!
Casting: Necrotise (safe; 3% risk of failure)
Confirm with . or Enter, or press ? or * to list all spells.
Aiming: Necrotise (safe; 3% risk of failure)
Press: ? - help, Shift-Dir - straight line, f/p - hobgoblin
Aim: a hobgoblin, wielding a +0 hand axe (almost dead, chance to affect: 86%)
You miscast Necrotise.
You are very lightly contaminated with residual magic.
Nothing appears to happen.
The hobgoblin hits you with a +0 hand axe!
You die...

### ##.##
#@#.##
###g###.##
.K# ##.#
###.###Z##
#.#.##
#.## #.#
#.# #.#


You could see a hobgoblin and a kobold.

Vanquished Creatures
  2 endoplasms (D:1)
  2 giant cockroaches
  4 hobgoblins
  2 kobolds (D:2)
  3 quokkas
  2 ball pythons (D:2)
  A frilled lizard (D:2)
  3 goblins
  4 rats
23 creatures vanquished.

Vanquished Creatures (collateral kills)
  A ball python (D:1)
  A rat (D:2)
2 creatures vanquished.

Grand Total: 25 creatures vanquished

Notes
Turn   | Place    | Note
-------+----------+-------------------------------------------
     0 | D:1      | PriceMaster the Demonspawn Necromancer began the quest for
                  | the Orb.
     0 | D:1      | Reached XP level 1. HP: 13/13 MP: 3/3
   622 | D:1      | Gained mutation: You have a somewhat thin skeletal
                  | structure. (Dex +2, Stealth+) [demonic ancestry]
   622 | D:1      | Reached XP level 2. HP: 19/19 MP: 5/5
  1011 | D:2      | Reached skill level 1 in Fighting
  1511 | D:2      | Slain by a hobgoblin

Illustrated notes

Levels and vault maps discovered:
D:1:      lemuel_arrival_broad_hall, layout_basic, serial_forest,
          infiniplex_forest_straight_2, infiniplex_forest_lined_2,
          infiniplex_forest_straight_2, infiniplex_forest_clump_long,
          infiniplex_forest_lined_corner
D:2:      minmay_inner_zag, layout_loops_ring, due_unseen_surprise,
          uniq_crazy_yiuf_cottage

Skill      XL: |  1  2 |
---------------+-------+-----
Dodging        | 2 |  2.0
Fighting       | 1 |  1.0
Polearms       | |  0.3
Stealth        | |  1.9
Unarmed Combat | |  0.1
Spellcasting   | |  2.1
Necromancy     | |  4.8

Action                     || total
---------------------------++-------
  Melee: Spear             ||    34
         Unarmed           ||     4
   Cast: Necrotise         ||    32
    Use: Scroll            ||     3
         Potion            ||     1
   Stab: Sleeping          ||     2
 Armour: Robe              ||    18
  Dodge: Dodged            ||    24
